 Dungeon Crawl Stone Soup version 0.22-a0-799-g88f5e90 (webtiles) character file.

28 iamserjio the Ducker (level 2, -1/16 HPs)
             Began as a Spriggan Monk on July 21, 2018.
             Slain by a hobgoblin
             ... wielding a +0 club
              (4 damage)
             ... on level 3 of the Dungeon.
             The game lasted 00:03:27 (560 turns).

iamserjio the Ducker (Spriggan Monk)                 Turns: 560, Time: 00:03:28

Health: -1/16      AC:  2    Str:  7    XL:     2   Next: 96%
Magic:  3/3        EV: 20    Int: 11    God:
Gold:   57         SH:  0    Dex: 18    Spells: 1/1 levels left

rFire    . . .     SeeInvis +   a - +0 short sword
rCold    . . .     Gourm    .   (shield restricted)
rNeg     . . .     Faith    .   b - +0 robe
rPois    .         Spirit   .   (helmet restricted)
rElec    .         Reflect  .   (no cloak)
rCorr    .         Harm     .   (gloves unavailable)
MR       .....                  (boots unavailable)
Stlth    +++.......             (no amulet)
HPRegen  0.05/turn              (no ring)
MPRegen  0.08/turn              (no ring)

@: very quick
A: very small, unfitting armour, see invisible, herbivore, speed 3, slow
metabolism 2
a: no special abilities


You were on level 3 of the Dungeon.
You were not hungry.

You visited 1 branch of the dungeon, and saw 3 of its levels.

You collected 57 gold pieces.

Inventory:

Hand Weapons
 a - a +0 short sword (weapon)
Armour
 b - a +0 robe (worn)
Scrolls
 e - a scroll of teleportation {unknown}
 f - 3 scrolls of noise {unknown}
Potions
 d - a potion of berserk rage {unknown}
 g - a potion of heal wounds {unknown}
 h - a potion of flight {unknown}
 i - a potion of ambrosia {unknown}
Comestibles
 c - 2 rations


   Skills:
 - Level 2.4 Fighting
 + Level 3.6 Short Blades
 + Level 4.8 Dodging
 * Level 4.5 Stealth


You had one spell level left.
You didn't know any spells.
Your spell library was empty.

Dungeon Overview and Level Annotations

Branches:
Dungeon (3/15)

Altars:


Innate Abilities, Weirdness & Mutations

You are very small and have problems with some larger weapons.
You are too small for most types of armour.
You have supernaturally acute eyesight. (SInv)
You are a herbivore.
You cover ground extremely quickly.
You need to consume almost no food.


Message History

The leopard gecko bites you.
You closely miss the leopard gecko.
The leopard gecko is severely wounded.
The leopard gecko completely misses you.
You hit the leopard gecko.
The leopard gecko is almost dead.
The leopard gecko bites you.
* * * LOW HITPOINT WARNING * * *
You barely miss the leopard gecko.
The leopard gecko is almost dead.
The leopard gecko barely misses you. x2
You hit the leopard gecko.
You kill the leopard gecko!
As you open the door, it creaks loudly!
A hobgoblin comes into view. It is wielding a club.
The hobgoblin closely misses you.
You hit the hobgoblin.
The hobgoblin is heavily wounded.
The hobgoblin hits you with a club.
You die...

#.........#..........#....#
#(###....#................
#....#####............
#...#...##............
#...'...+............)
#...#...###...........
#...#######......##...
###..g........... ###.
#..@........... ###.
#............ ....
###......## ...# #......#
..... ##.....# ..... ...#.#
.... ...#.# .... ...# #
.... ....


You could see a hobgoblin.

Vanquished Creatures
  A leopard gecko (D:3)
  4 orcs (D:3)
  2 giant cockroaches
  A goblin (D:3)
  2 hobgoblins (D:1)
  5 bats
  2 frilled lizards (D:1)
  2 kobolds
  3 rats (D:2)
22 creatures vanquished.

Notes
Turn   | Place    | Note
-------+----------+-------------------------------------------
     0 | D:1      | iamserjio the Spriggan Monk began the quest for the Orb.
     0 | D:1      | Reached XP level 1. HP: 11/11 MP: 2/2
   169 | D:2      | Found a faded altar of an unknown god.
   183 | D:2      | Reached XP level 2. HP: 9/16 MP: 3/3
   560 | D:3      | Slain by a hobgoblin

Vault maps used:
D:1:      matt_arrival_grand_opening
D:2:      chequers_ecumenical_altar_simple_redux, first_ration,
          grunt_ministairs_3, minmay_tetromino_s2

Skill      XL: |  1  2 |
---------------+-------+-----
Stealth        | 4 |  4.5
Fighting       | |  2.4
Short Blades   | |  3.6
Dodging        | |  4.8

Action                   || total
-------------------------++-------
Melee: Short sword       ||    85
 Stab: Sleeping          ||     1
Armor: Robe              ||     4
Dodge: Dodged            ||    78

Table legend:
 A = Spawn XP
 B = Non-spawn XP
 C = Spawn XP percentage of total XP
 D = Spawn monster count
 E = Non-spawn monster count
 F = Spawn count percentage of total count
 G = Total turns spent on level
                    A         B        C        D         E        F      G
               +---------+---------+-------+---------+---------+-------+---------
         Total |       0 |      40 |   0.0 |       0 |      22 |   0.0 |   560
               +---------+---------+-------+---------+---------+-------+---------
           D:1 |       0 |      10 |   0.0 |       0 |       7 |   0.0 |   159
           D:2 |       0 |       7 |   0.0 |       0 |       6 |   0.0 |   249
           D:3 |       0 |      23 |   0.0 |       0 |       9 |   0.0 |   152
               +---------+---------+-------+---------+---------+-------+---------
